Map: 어비설 리프 - 래더

Players

Zest - Winner!

  • Race: Protoss Protoss
  • Spawn Location: 5:00

ROOTherO (herO)

  • Race: Protoss Protoss
  • League: Grandmaster
  • Spawn Location: 11:00

VOD

Have the link to the VOD?

Description

Time

  • Played on: Dec. 23, 2017, 3:05 a.m.
  • Length: 4:48
Show
View Real Time Build Order
Export as new Build Order

Zest Protoss - Winner!

Build Orders: Dark Templar Rush 

Get SALT Encoding   

  12  0:01  Probe  
  13  0:13  Probe  
  14  0:17  Pylon  
  14  0:25  Probe (Chrono Boost)  
  15  0:37  Probe (Chrono Boost), Gateway  
  16  0:45  Probe (Chrono Boost)  
  16  0:46  Assimilator  
  17  0:51  Probe (Chrono Boost)  
  17  0:55  Assimilator  
  18  1:03  Probe (Chrono Boost)  
  20  1:11  Probe (Chrono Boost), Gateway  
  20  1:17  Probe  
  21  1:25  Cybernetics Core  
  21  1:30  Probe  
  22  1:35  Pylon  
  22  1:42  Probe  
  23  1:54  Probe  
  24  2:00  Warp Gate (Chrono Boost)  
  24  2:03  Twilight Council  
  24  2:09  Adept x2  
  28  2:20  Pylon  
  30  2:38  Stalker  
  29  2:45  Dark Shrine  
  29  2:51  Stalker  
  31  2:57  Shield Battery  
  31  3:08  Probe  
  31  3:20  Probe  
  32  3:32  Probe  
  33  3:43  Pylon  
  30  3:50  Probe  
  30  4:02  Probe, Dark Templar  
  31  4:07  Dark Templar  
  35  4:14  Probe  
  32  4:29  Probe  
  33  4:31  Nexus  
Show
View Real Time Build Order
Export as new Build Order

ROOTherO Protoss 

Build Orders: Phoenix Opening 

Get SALT Encoding   

  12  0:00  Probe  
  13  0:13  Probe  
  14  0:17  Pylon  
  14  0:25  Probe (Chrono Boost)  
  16  0:37  Probe (Chrono Boost)  
  16  0:39  Gateway  
  16  0:42  Probe (Chrono Boost)  
  16  0:46  Assimilator  
  17  0:51  Probe (Chrono Boost)  
  17  0:55  Assimilator  
  18  1:03  Probe (Chrono Boost)  
  19  1:07  Gateway  
  20  1:11  Probe (Chrono Boost)  
  20  1:17  Probe  
  21  1:25  Cybernetics Core  
  21  1:29  Probe  
  22  1:34  Pylon  
  22  1:42  Probe  
  23  1:54  Probe  
  24  2:02  Warp Gate, Adept x2  
  28  2:13  Pylon, Stargate  
  28  2:21  Shield Battery  
  27  2:24  Probe  
  28  2:34  Stalker  
  28  2:35  Stalker  
  32  2:50  Probe  
  32  2:56  Phoenix (Chrono Boost)  
  35  3:12  Phoenix (Chrono Boost)  
  36  3:25  Shield Battery  
  36  3:30  Phoenix (Chrono Boost)  
  39  3:45  Robotics Facility  
  39  3:47  Probe  
  37  3:55  Shield Battery  
  36  4:04  Nexus  
  36  4:07  Sentry  
  37  4:13  Shield Battery  
  37  4:21  Probe  
  38  4:35  Probe  
Tags
 
Add a new tag
Caveats
  • Supply blocks, unpowered buildings, or Contaminate may cause inaccurate times.
  • Supply counts are checked every 10 seconds.